Map: Ruins of Endion

Players

Gracz

  • Race: Terran Terran

Nexus - Winner!

  • Race: Terran Terran
  • League: Bronze

VOD

Have the link to the VOD?

Description

Time

  • Played on: May 5, 2016, 9:09 a.m.
  • Length: 40:19
Show
View Real Time Build Order
Export as new Build Order

Gracz Terran 

Build Orders: MMM Bio 

Get SALT Encoding   

  12  0:01  SCV  
  13  0:15  Supply Depot  
  13  0:32  Refinery  
  13  0:38  Barracks  
  13  1:00  SCV  
  13  1:01  Supply Depot  
  14  1:12  SCV  
  15  1:24  SCV  
  16  1:30  Barracks, Reaper  
  17  1:35  Refinery  
  17  1:36  SCV  
  18  2:03  SCV  
  19  2:15  SCV  
  20  2:21  Factory  
  20  2:27  SCV  
  21  3:17  Barracks Reactor x2  
  21  3:18  Factory Tech Lab  
  21  3:23  Starport  
  21  3:40  Command Center  
  21  4:02  Marine x2  
  21  4:07  Hellion x2  
  27  4:14  Stimpack  
  27  4:18  Starport  
  27  4:20  SCV  
  28  4:26  Supply Depot  
  28  4:28  Hellion  
  30  4:32  SCV  
  30  4:35  Starport Reactor  
  31  4:48  Hellion, SCV, Marauder  
  36  4:54  Supply Depot  
  36  5:00  SCV  
  37  5:14  Orbital Command  
  37  5:18  Engineering Bay  
  37  5:22  Starport Tech Lab  
  37  5:25  Starport  
  38  6:04  SCV  
  38  6:15  Combat Shields, Bunker  
  38  6:16  SCV  
  39  6:24  Missile Turret  
  39  6:28  SCV  
  40  6:37  Barracks  
  40  6:45  Factory  
  40  6:48  Armory  
  40  6:53  Armory  
  40  6:54  Terran Infantry Weapons Level 1  
  40  6:55  SCV  
  41  7:02  Refinery  
  41  7:06  Missile Turret  
  41  7:08  SCV  
  42  7:11  Cloaking Field  
  42  7:15  Starport Tech Lab  
  42  7:20  SCV  
  43  7:32  SCV  
  43  7:33  Barracks Reactor  
  43  7:35  Factory Reactor  
  44  7:47  Barracks  
  44  7:52  Marine x4  
  48  8:09  Marine, Starport  
  48  8:10  Marine x3  
  52  8:14  Orbital Command  
  52  8:27  Marine  
  52  8:28  Marine x3  
  56  8:36  Engineering Bay  
  56  8:38  Terran Ship Weapons Level 1  
  56  8:39  Terran Vehicle And Ship Armor Level 1  
  56  9:03  Barracks Reactor  
  56  9:04  Marine  
  56  9:05  Marine x5  
  62  9:15  Infernal Pre-Igniter  
  62  9:18  SCV  
  62  9:22  Marine  
  62  9:23  Marine x5  
  69  9:28  Starport Reactor  
  69  9:30  Medivac  
  69  9:31  Medivac, SCV  
  74  9:40  Marine  
  75  10:01  Corvid Reactor  
  75  10:04  High Capacity Fuel Tanks  
  75  10:25  Marine  
  75  10:26  Marine x2  
  78  10:32  Marine x5  
  83  10:37  Supply Depot  
  83  10:39  Building Armor  
  83  10:43  Marine  
  83  10:44  Marine x2  
  86  10:58  Marine x5  
  86  11:00  Supply Depot  
  86  11:01  Marine, Supply Depot  
  86  11:02  Marine x2  
  94  11:21  Marine x2, Banshee x2  
  94  11:22  Marine  
  103  11:34  Terran Infantry Armor Level 1  
  103  11:45  Supply Depot  
  103  11:54  Supply Depot  
  103  11:55  Supply Depot  
  103  11:58  Terran Vehicle And Ship Armor Level 2, Terran Ship Weapons Level 2  
  103  12:04  Banshee x2  
  103  12:07  Marine  
  103  12:08  Marine x7  
  117  12:25  Marine  
  117  12:26  Marine x4  
  122  12:41  Neosteel Frame  
  111  13:18  Medivac x2  
  111  13:19  Medivac x2  
  119  13:22  Viking x2  
  123  13:28  Terran Infantry Weapons Level 2  
  123  13:48  Viking x2  
  123  13:51  Command Center  
  127  14:22  Supply Depot  
  127  14:26  Supply Depot  
  127  14:34  Refinery  
  127  14:42  Banshee x2  
  127  14:43  Refinery  
  127  14:44  Marine  
  134  14:46  Refinery  
  134  15:24  SCV  
  135  15:38  SCV  
  136  15:44  Supply Depot  
  136  15:46  Terran Ship Weapons Level 3, Terran Vehicle And Ship Armor Level 3  
  136  15:49  Terran Infantry Armor Level 2  
  136  15:50  SCV  
  137  16:03  SCV  
  138  16:19  Supply Depot  
  138  16:22  Supply Depot  
  138  16:23  Supply Depot  
  138  16:25  Terran Infantry Weapons Level 3  
  130  17:22  SCV  
  131  17:34  SCV  
  132  17:46  SCV  
  133  18:05  Orbital Command  
  133  18:12  Marine x8  
  137  18:17  Medivac  
  137  18:18  Medivac x5  
  153  18:29  Marine  
  153  18:30  Marine x7  
  151  18:47  Marine  
  151  18:48  Marine x7  
  151  19:01  Raven  
  151  19:02  Raven  
  155  19:05  Marine  
  155  19:06  Marine x5  
  161  19:44  Raven x2  
  76  21:53  Marine  
  76  21:54  Marine x7  
  84  22:01  Fusion Core  
  84  22:04  Terran Infantry Armor Level 3  
  84  22:05  Hi-Sec Auto Tracking  
  84  22:11  Marine x2  
  84  22:12  Marine x6  
  92  22:29  Marine x8  
  100  22:47  Marine x8  
  108  23:04  Battlecruiser x2, Marine  
  108  23:05  Marine x7  
  128  23:22  Marine  
  128  23:23  Marine x7  
  136  23:27  Medivac  
  136  23:28  Medivac x3  
  144  23:40  Marine x2  
  144  23:41  Marine x6  
  152  23:57  Medivac  
  152  24:01  Orbital Command  
  154  24:08  Battlecruiser x2  
  166  24:19  Marine x4  
  166  24:20  Marine x4  
  174  24:37  Marine x8  
  182  24:39  Refinery  
  182  24:41  Refinery  
  182  24:55  Marine  
  183  25:04  Marine x7  
  190  25:12  Marine  
  191  25:15  Thor  
  166  26:52  Marine x8  
  174  27:09  Marine  
  174  27:10  Marine x7  
  182  27:27  Marine  
  182  27:28  Marine x7  
  179  27:45  Marine x3  
  179  27:46  Marine x2  
  184  28:24  Battlecruiser x2  
  103  30:25  Marine  
  103  30:26  Marine x7  
  103  30:28  Battlecruiser x2, Medivac  
  123  30:29  Medivac x2  
  129  30:43  Marine  
  129  30:44  Marine x7  
  110  31:01  Marine  
  110  31:02  Marine x7  
  98  31:19  Marine x2  
  99  31:32  Battlecruiser  
  103  31:33  Battlecruiser  
  90  32:12  Marine  
  90  32:13  Marine x7  
  98  32:30  Marine x3  
  98  32:31  Marine x5  
  98  32:36  Battlecruiser  
  112  32:48  Marine  
  111  33:04  Medivac  
  111  33:05  Medivac x4  
  121  33:06  Marine  
  121  33:07  Marine x7  
  129  33:24  Marine x5  
  129  33:25  Marine x3  
  137  33:34  Medivac  
  137  33:35  Medivac  
  141  33:42  Marine x8  
  149  34:00  Marine x8  
  157  34:17  Marine  
  157  34:18  Marine x7  
  129  34:45  Orbital Command  
  44  35:42  Marine x6  
  45  35:45  Medivac  
  45  35:46  Medivac x3  
  58  36:00  Marine x6  
  64  36:17  Marine  
  64  36:18  Marine x5  
  70  36:35  Marine  
  70  36:36  Marine x5  
  70  36:38  Barracks  
  76  36:46  Weapon Refit  
  76  36:49  Terran Vehicle Weapons Level 1  
  76  37:17  Orbital Command  
  76  37:23  Marine x4  
  76  37:24  Marine x4  
  76  37:26  Barracks  
  76  37:29  Behemoth Reactor  
  84  37:41  Marine x5  
  77  38:15  Barracks  
  30  38:45  Marine x10  
  36  39:02  Marine  
  36  39:03  Marine x3  
  36  39:04  Barracks  
  30  39:30  Marine  
  30  39:31  Marine x9  
  39  39:48  Marine x5  
Show
View Real Time Build Order
Export as new Build Order

Nexus Terran - Winner!

Build Orders:  

Get SALT Encoding   

  12  0:02  SCV  
  13  0:18  SCV  
  13  0:20  Supply Depot  
  14  0:27  Refinery  
  14  0:30  SCV  
  15  0:45  Barracks  
  15  0:58  Supply Depot  
  15  1:01  SCV  
  16  1:13  SCV  
  17  1:25  SCV  
  18  1:26  Barracks  
  18  1:37  SCV  
  19  1:48  Supply Depot  
  19  1:49  Barracks Reactor  
  19  1:52  SCV  
  20  1:57  Refinery  
  20  2:04  SCV  
  21  2:10  Engineering Bay  
  21  2:22  Supply Depot  
  21  2:26  Barracks Tech Lab  
  21  2:31  SCV  
  22  2:43  SCV  
  23  2:52  Marine x2  
  25  3:09  Marine  
  25  3:10  Marine  
  25  3:12  Marauder  
  29  3:20  SCV  
  29  3:25  Missile Turret  
  30  3:27  Marine x2  
  32  3:38  Factory  
  32  3:55  Combat Shields  
  32  4:06  Missile Turret  
  32  4:15  Supply Depot  
  32  4:18  SCV  
  33  4:24  Marine x2  
  33  4:27  Terran Infantry Weapons Level 1  
  33  4:30  SCV  
  36  4:31  Factory Tech Lab  
  36  4:39  Missile Turret  
  36  4:42  Marine x2  
  38  4:54  Bunker  
  38  5:04  Siege Tank  
  41  5:14  Concussive Shells  
  41  5:17  Infernal Pre-Igniter  
  41  5:27  Marauder  
  43  5:29  Armory  
  43  5:34  Supply Depot  
  43  5:41  Factory  
  43  5:53  Siege Tank  
  43  5:56  Marauder  
  48  5:58  Marine  
  49  6:12  Supply Depot  
  49  6:16  Orbital Command  
  49  6:24  Terran Vehicle Weapons Level 1  
  49  6:54  Command Center  
  49  6:56  Factory Reactor  
  49  7:03  Missile Turret  
  49  7:27  Bunker  
  49  7:31  Thor  
  55  7:42  Starport  
  55  7:47  SCV  
  56  7:52  Marine x2  
  58  7:59  SCV  
  58  8:01  Supply Depot  
  59  8:09  SCV  
  60  8:16  Stimpack  
  60  8:21  SCV  
  60  8:26  Drilling Claws  
  61  8:33  SCV  
  62  8:39  Missile Turret  
  62  8:46  SCV  
  63  8:51  Refinery  
  63  8:58  Starport Tech Lab, SCV  
  64  9:03  Widow Mine  
  64  9:04  Starport, Widow Mine  
  68  9:18  Marine, Marauder  
  68  9:19  Marine  
  68  9:24  SCV  
  73  9:34  Supply Depot  
  73  9:36  Marine x2  
  75  9:49  Banshee  
  78  9:53  Cloaking Field  
  78  9:54  Marine  
  78  9:56  Starport Reactor  
  78  9:57  Widow Mine x2  
  83  10:15  SCV  
  84  10:27  Command Center  
  84  10:28  SCV  
  85  10:29  Siege Tank  
  85  10:32  Banshee  
  91  10:39  Widow Mine x2  
  91  10:40  SCV  
  96  10:44  Medivac  
  98  11:07  Widow Mine  
  98  11:08  Refinery  
  100  11:11  Marine x2  
  100  11:12  High Capacity Fuel Tanks  
  102  11:38  Marine  
  102  11:39  Medivac x2  
  107  11:44  SCV  
  108  11:48  Orbital Command  
  108  11:51  Supply Depot  
  108  11:56  SCV, Banshee  
  112  12:08  SCV  
  113  12:09  Medivac  
  113  12:14  Supply Depot  
  115  12:18  Marine x2  
  115  12:20  SCV  
  118  12:32  SCV  
  118  12:36  Marine x2  
  121  12:37  Supply Depot  
  121  12:54  Marine x2  
  111  13:00  Supply Depot  
  103  13:14  Widow Mine x2  
  103  13:17  Banshee  
  110  13:20  SCV  
  110  13:26  Thor  
  117  13:31  Terran Vehicle Weapons Level 2  
  117  13:32  SCV  
  118  13:34  Marauder  
  120  13:42  Widow Mine  
  120  13:44  SCV  
  123  13:50  Missile Turret  
  123  13:56  SCV, Marauder  
  123  13:57  Refinery  
  123  13:58  Refinery  
  123  14:00  Banshee  
  129  14:08  SCV  
  129  14:09  Thor  
  136  14:11  Missile Turret  
  136  14:17  Marauder  
  136  14:18  Marine  
  136  14:19  Marine  
  136  14:23  Mag-Field Accelerator  
  140  14:28  Explosive Shrapnel Shells  
  140  14:30  Missile Turret, Terran Infantry Weapons Level 2  
  140  14:36  Marine  
  141  14:39  Marauder  
  141  14:43  Banshee  
  146  14:46  SCV  
  146  14:50  Missile Turret  
  147  14:58  SCV  
  148  15:06  Barracks  
  148  15:23  Missile Turret  
  148  15:25  Supply Depot  
  148  15:43  Missile Turret  
  148  15:47  Marauder  
  148  15:48  Supply Depot  
  150  16:00  Barracks  
  150  16:02  Missile Turret  
  150  16:04  Fusion Core  
  150  16:11  Supply Depot  
  150  16:14  Banshee  
  153  16:26  Command Center  
  153  16:46  Hi-Sec Auto Tracking  
  153  16:48  Thor  
  153  16:50  Barracks Reactor  
  153  16:53  Barracks Reactor  
  159  16:57  Banshee  
  159  16:58  Behemoth Reactor  
  162  17:08  Starport  
  154  17:39  Banshee  
  154  17:41  Refinery  
  157  17:54  Starport Tech Lab, SCV  
  157  17:55  Weapon Refit  
  158  17:59  Orbital Command  
  158  18:05  Refinery  
  158  18:07  SCV  
  159  18:19  SCV  
  160  18:22  Banshee  
  163  18:31  SCV  
  161  18:43  SCV  
  159  18:59  Widow Mine  
  161  19:05  Battlecruiser  
  167  19:11  SCV  
  168  19:23  SCV  
  169  19:24  Battlecruiser  
  169  19:28  Widow Mine  
  177  19:35  SCV  
  175  19:48  SCV  
  176  19:56  Widow Mine  
  178  20:00  SCV  
  179  20:09  Battlecruiser, Widow Mine  
  179  20:12  SCV  
  188  20:24  Supply Depot  
  188  20:29  Sensor Tower  
  188  20:45  Widow Mine x3  
  188  20:47  Supply Depot  
  194  20:54  Advanced Ballistics  
  194  20:55  Sensor Tower  
  194  21:02  Battlecruiser  
  166  21:11  Supply Depot  
  123  21:13  Widow Mine x3  
  123  21:17  Sensor Tower  
  107  21:42  Widow Mine x2  
  111  22:05  Marine x2  
  111  22:06  Marine x3  
  116  22:10  Widow Mine  
  116  22:12  Battlecruiser  
  116  22:14  Widow Mine  
  126  22:17  Barracks Reactor, Supply Depot  
  126  22:18  SCV  
  127  22:23  Marine x3  
  127  22:24  Marine x2  
  127  22:27  Supply Depot  
  132  22:30  SCV  
  132  22:33  Widow Mine  
  135  22:39  Widow Mine  
  135  22:40  Supply Depot  
  135  22:41  Marine x4  
  135  22:42  Marine, Widow Mine  
  144  22:59  Marine x5  
  144  23:01  Widow Mine  
  144  23:04  Supply Depot  
  151  23:11  Widow Mine  
  153  23:16  Battlecruiser  
  153  23:17  Marine  
  150  23:20  Widow Mine  
  152  23:27  Supply Depot  
  152  23:30  Battlecruiser, Widow Mine  
  160  23:36  SCV  
  160  23:40  Widow Mine  
  163  23:48  SCV, Widow Mine  
  164  23:49  Command Center  
  164  23:53  Supply Depot  
  166  23:56  Missile Turret  
  166  23:58  Widow Mine  
  168  24:09  Siege Tank  
  171  24:16  Missile Turret  
  171  24:17  Widow Mine  
  173  24:27  Widow Mine  
  175  24:37  Missile Turret  
  175  24:38  Battlecruiser  
  181  24:41  Siege Tank, Terran Vehicle Weapons Level 3  
  181  24:43  Terran Infantry Armor Level 1  
  181  24:45  Widow Mine  
  186  24:53  Missile Turret  
  186  24:55  Widow Mine  
  186  24:56  Missile Turret  
  188  25:06  Refinery  
  188  25:13  Siege Tank  
  188  25:14  Missile Turret, Widow Mine  
  191  25:17  Missile Turret  
  193  25:31  Hyperflight Rotors  
  193  25:34  Missile Turret  
  193  25:42  Battlecruiser  
  199  25:48  Orbital Command  
  199  25:49  Refinery  
  199  25:52  Orbital Command  
  199  25:56  Missile Turret  
  199  26:16  Missile Turret  
  199  26:52  Refinery  
  199  26:54  Command Center  
  199  26:55  Refinery  
  199  27:18  Terran Ship Weapons Level 1  
  199  27:34  Missile Turret  
  187  27:53  Missile Turret, Battlecruiser  
  193  28:09  Missile Turret  
  193  28:13  Missile Turret  
  193  28:18  Corvid Reactor  
  193  28:21  Terran Infantry Weapons Level 3  
  193  28:30  Missile Turret  
  193  28:32  Missile Turret  
  193  28:44  Supply Depot  
  193  28:51  Missile Turret x2  
  193  28:58  Battlecruiser  
  168  29:12  Terran Vehicle And Ship Armor Level 1, Missile Turret  
  166  29:33  Missile Turret  
  128  29:48  Marine x2  
  128  29:49  Marine x3  
  115  29:53  Missile Turret  
  115  29:57  Battlecruiser  
  253  30:00  Viking  
  103  30:06  Marine x3  
  103  30:07  Marine x2  
  108  30:14  Missile Turret  
  102  30:24  Marine x5  
  104  30:35  Fusion Core  
  104  30:36  Missile Turret  
  104  30:39  Widow Mine x2  
  104  30:42  Marine x5  
  106  30:57  Terran Infantry Armor Level 2  
  106  31:00  Marine  
  102  31:07  Widow Mine x2  
  77  31:35  Marine  
  77  31:36  Marine x4, Widow Mine x2  
  78  31:53  Marine  
  78  31:54  Terran Vehicle And Ship Armor Level 2, Marine x4  
  77  32:04  Widow Mine x2  
  81  32:09  Battlecruiser  
  81  32:11  Marine x2  
  81  32:12  Marine x2  
  91  32:20  Siege Tank  
  94  32:29  Marine x4  
  96  32:36  Fusion Core  
  98  32:47  Marine x2, Starport  
  100  32:52  Siege Tank  
  100  32:57  Supply Depot  
  101  33:04  Marine  
  102  33:13  Battlecruiser, Neosteel Frame  
  108  33:20  Supply Depot  
  111  33:43  Supply Depot  
  111  33:47  Thor  
  114  33:50  Viking x2  
  118  33:57  Starport Tech Lab  
  118  34:05  Supply Depot, Starport  
  118  34:10  Terran Ship Weapons Level 2  
  114  34:20  Viking x2  
  119  34:29  Supply Depot, Thor  
  94  34:47  Marine  
  94  34:48  Marine  
  94  34:50  Viking x2  
  86  35:05  Marine  
  82  35:12  Thor  
  82  35:20  Viking x2  
  84  35:24  Hellion x2  
  79  35:41  Starport Tech Lab  
  79  35:44  Battlecruiser  
  79  35:46  Hellion x2  
  79  35:48  Marine x3  
  79  35:49  Marine  
  94  35:55  Thor  
  100  36:06  Marine x3  
  100  36:07  Hellion x2, Marine  
  107  36:16  Supply Depot  
  107  36:24  Marine x4  
  111  36:28  Hellion  
  111  36:29  Hellion  
  115  36:38  Thor  
  115  36:39  Command Center  
  121  36:40  Supply Depot  
  121  36:41  Marine  
  121  36:43  Refinery  
  121  36:44  Refinery  
  123  36:48  Battlecruiser  
  123  36:49  Widow Mine  
  123  36:50  Hellion  
  132  37:03  Supply Depot  
  132  37:11  Widow Mine  
  134  37:18  Widow Mine  
  134  37:21  Thor  
  142  37:31  Supply Depot  
  142  37:39  Widow Mine  
  144  37:46  Widow Mine  
  146  37:53  Battlecruiser  
  152  38:03  Thor  
  158  38:08  Widow Mine  
  160  38:15  Widow Mine  
  125  38:36  Widow Mine  
  127  38:46  Thor  
  127  38:48  Marine x2  
  134  38:51  Marine x2  
  137  38:56  Widow Mine  
  137  38:57  Battlecruiser  
  137  39:00  Viking  
  147  39:05  Widow Mine  
  147  39:06  Marine x2  
  147  39:09  Marine x2  
  153  39:23  Marine  
  153  39:24  Marine  
  154  39:25  Widow Mine  
  154  39:27  Marine x2  
  154  39:29  Thor  
  165  39:33  Widow Mine  
  167  39:41  Marine x2  
  167  39:45  Marine x2  
  171  39:59  Marine x2  
Tags
 
Add a new tag
Caveats
  • Supply blocks, unpowered buildings, or Contaminate may cause inaccurate times.
  • Supply counts are checked every 10 seconds.